 Dungeon Sprint DCSS version 0.29-a0-997-gf6f7e2dfe7 (webtiles) character file.

Game seed: 15320690303518213006

587 Hubris850 the Carver (level 7, -1/46 HPs)
             Began as a Demonspawn Ice Elementalist on Aug 4, 2022.
             Was an Elder of Makhleb.
             Slain by a cane toad (8 damage)
             ... in the Dungeon (Sprint VII: "The Pits").
             The game lasted 00:04:13 (485 turns).

Hubris850 the Carver (Demonspawn Ice Elementalist)   Turns: 485, Time: 00:04:15

Health: -1/46      AC:  8    Str:  9    XL:     7   Next: 15%
Magic:  0/17       EV: 11    Int: 18    God:    Makhleb [****..]
Gold:   0          SH:  0    Dex: 13    Spells: 12/19 levels left

rFire   . . .      SeeInvis .   m - +0 long sword (flame)
rCold   . . .      Faith    .   (no shield)
rNeg    . . .      Spirit   +   l - +3 ring mail
rPois   .          Reflect  .   (no helmet)
rElec   .          Harm     .   (no cloak)
rCorr   .          Rampage  .   (no gloves)
Will    .....      NoTele   +   (no boots)
Stlth   +.........              (no amulet)
HPRegen 0.15/turn               (no ring)
MPRegen 0.30/turn               (no ring)

@: lethally poisoned (-1 -> -13), freezing walls
A: foul stench 1, magic shield, magic regeneration, weakness stinger 1
a: Renounce Religion, Minor Destruction, Lesser Servant of Makhleb, Major
Destruction


You were in the Dungeon.
You worshipped Makhleb.
Makhleb was greatly pleased with you.
You visited 1 branch

Inventory:

Hand Weapons
 h - a +2 falchion
 m - a +0 long sword of flaming (weapon)
Armour
 a - a +0 robe
 l - a +3 ring mail (worn)
Scrolls
 g - a scroll of blinking
 j - 5 scrolls of amnesia
 k - a scroll of summoning
Potions
 b - 5 potions of magic
 c - 6 potions of curing
 d - 6 potions of heal wounds
 e - a potion of haste
 f - 3 potions of berserk rage
 i - 2 potions of invisibility


   Skills:
 + Level 8.6 Long Blades
 - Level 3.5 Dodging
 - Level 1.7 Stealth
 - Level 6.8 Spellcasting
 - Level 7.4 Ice Magic
 + Level 8.2 Invocations


You had 12 spell levels left.
You knew the following spells:

 Your Spells              Type           Power      Damage    Failure   Level
a - Freeze                Ice            100%       1d11      1%          1
b - Frozen Ramparts       Ice            64%        1d14      4%          3
c - Ozocubu's Armour      Ice            32%        N/A       4%          3

Your spell library contained the following spells:

 Spells                   Type           Power      Damage    Failure   Level
 Hailstorm                Conj/Ice       19%        3d6       56%         4


Dungeon Overview and Level Annotations

Branches:
Dungeon (1/1)

Altars:
Ashenzari
Cheibriados
Dithmenos
Fedhas
Gozag
Hepliaklqana
Kikubaaqudgha
Makhleb
Nemelex Xobeh
Okawaru
Qazlal
Ru
Sif Muna
Trog
Uskayaw
Vehumet
Wu Jian
Xom
Yredelemnul
Jiyva
Lugonu


Innate Abilities, Weirdness & Mutations

You may rarely emit foul miasma when damaged in melee.
When hurt, damage is shared between your health and your magic reserves.
You regenerate magic rapidly.
You have a small tail.


Message History

You have reached level 7!
The frozen ramparts melt away as you move.
There is an open door, spattered with blood here.
You open the door.
A cane toad comes into view.
Casting: Frozen Ramparts (dangerous; 4% risk of failure)
Confirm with . or Enter, or press ? or * to list all spells.
Casting: Frozen Ramparts (dangerous; 4% risk of failure)
Press: ? - help, Dir - look around, f - activate An open door, spattered with blood.
The walls around you are covered in ice.
The wall freezes the cane toad.
The cane toad seems to slow down.
The cane toad closely misses you.
The wall freezes the cane toad.
The cane toad seems to slow down.
The cane toad stings you but does no damage.
You closely miss the cane toad.
The cane toad is lightly wounded.
You slash the cane toad! You burn the cane toad.
The cane toad is heavily wounded.
The wall freezes the cane toad but does no damage.
The cane toad stings you!
You are poisoned.
The cane toad poisons you!
You hit the cane toad but do no damage. You tail-slap the cane toad.
The cane toad is heavily wounded.
You feel very sick.
The wall freezes the cane toad.
The cane toad stings you!
You hit the cane toad. You burn the cane toad.
You tail-slap the cane toad, but do no damage.
The cane toad is severely wounded.
You feel very sick.
The wall freezes the cane toad.
The cane toad stings you!
* * * LOW HITPOINT WARNING * * *
You barely miss the cane toad.
The cane toad is almost dead.
* * * LOW HITPOINT WARNING * * *
You feel very sick.
The wall freezes the cane toad.
The cane toad seems to slow down.
The cane toad stings you!
You die...

#.#........##.......#
#'###########.......#
#..#.#.## #########
#..†....# ##.#.#.##
#.......#+#
##.#.#.##.+
#.......#F#
##.#.#..@.#
##########


You could see a cane toad (slow).

Vanquished Creatures
  A water moccasin (D)
  2 floating eyes (D)
  Pargi (D)
  A necrophage (D)
  A scorpion (D)
  A quasit (D)
  An adder (D)
  A gnoll (D)
  A bat skeleton (D)
  A goblin (D)
  2 jackals (D)
  A quokka (D)
  A giant cockroach zombie (D)
  A jackal skeleton (D)
  A rat (D)
17 creatures vanquished.

Notes
Turn   | Place    | Note
-------+----------+-------------------------------------------
     0 | D        | Hubris850 the Demonspawn Ice Elementalist began the quest
                  | for the Orb.
     0 | D        | Reached XP level 1. HP: 13/13 MP: 3/3
    47 | D        | Found a basalt altar of Yredelemnul.
    47 | D        | Found a shimmering altar of Xom.
    47 | D        | Found an ornate altar of the Wu Jian Council.
    47 | D        | Found a bloodstained altar of Trog.
    47 | D        | Found a shimmering blue altar of Sif Muna.
    47 | D        | Found a sacrificial altar of Ru.
    47 | D        | Found a stormy altar of Qazlal.
    47 | D        | Found an iron altar of Okawaru.
    47 | D        | Found a sparkling altar of Nemelex Xobeh.
    47 | D        | Found a burning altar of Makhleb.
    47 | D        | Found a viscous altar of Jiyva.
    47 | D        | Found a hazy altar of Hepliaklqana.
    47 | D        | Found an opulent altar of Gozag.
    47 | D        | Found a blossoming altar of Fedhas.
    47 | D        | Found a shadowy altar of Dithmenos.
    47 | D        | Found a snail-covered altar of Cheibriados.
    48 | D        | Found a radiant altar of Vehumet.
    48 | D        | Found a corrupted altar of Lugonu.
    49 | D        | Found an ancient bone altar of Kikubaaqudgha.
    49 | D        | Found a hide-covered altar of Uskayaw.
    49 | D        | Found a broken altar of Ashenzari.
    55 | D        | Became a worshipper of Makhleb the Destroyer
   142 | D        | Reached skill level 1 in Long Blades
   142 | D        | Gained mutation: You have a small tail. [demonic ancestry]
   142 | D        | Reached XP level 2. HP: 15/19 MP: 0/5
   199 | D        | Noticed a floating eye
   203 | D        | Paralysed by a floating eye for 3 turns
   206 | D        | Killed a floating eye
   206 | D        | Reached * piety under Makhleb
   207 | D        | Reached skill level 5 in Spellcasting
   207 | D        | Reached skill level 5 in Ice Magic
   207 | D        | Reached XP level 3. HP: 24/24 MP: 5/9
   207 | D        | Gained mutation: You regenerate magic rapidly. [demonic
                  | ancestry]
   207 | D        | Reached XP level 4. HP: 30/30 MP: 6/11
   212 | D        | Learned a level 3 spell: Frozen Ramparts
   216 | D        | Learned a level 3 spell: Ozocubu's Armour
   247 | D        | Noticed a scorpion
   249 | D        | Reached ** piety under Makhleb
   257 | D        | Killed a scorpion
   258 | D        | Reached skill level 5 in Long Blades
   258 | D        | Gained mutation: When hurt, damage is shared between your
                  | health and your magic reserves. [demonic ancestry]
   258 | D        | Reached XP level 5. HP: 35/35 MP: 9/13
   323 | D        | Noticed a floating eye
   331 | D        | Paralysed by a floating eye for 4 turns
   335 | D        | Killed a floating eye
   335 | D        | Reached *** piety under Makhleb
   336 | D        | Gained mutation: You may rarely emit foul miasma when
                  | damaged in melee. [demonic ancestry]
   336 | D        | Reached XP level 6. HP: 41/41 MP: 13/15
   361 | D        | Reached skill level 5 in Invocations
   392 | D        | Noticed a water moccasin
   394 | D        | Reached **** piety under Makhleb
   396 | D        | Killed a water moccasin
   475 | D        | Noticed Pargi
   477 | D        | Killed Pargi
   478 | D        | Reached XP level 7. HP: 46/46 MP: 14/17
   479 | D        | Noticed a cane toad
   485 | D        | Slain by a cane toad

Illustrated notes

Levels and vault maps discovered:
D:        pitsprint [storerooms_1, entrance_room_1, metal_vault_1, armoury_2,
          mini_pit_1, grid_room_1, main_hall_1, silver_pit, the_coven_3,
          the_vestibule_1, steel_vault_5, golden_pit, hallway_of_sentries,
          crystal_vault_1, iron_vault_4, final_vault]

Skill      XL: |  1  2  3  4  5  6 |
---------------+-------------------+-----
Dodging        | 2 3 |  3.5
Long Blades    | 1 4 5 6 8 |  8.6
Ice Magic      | 4 5 6 7 |  7.4
Spellcasting   | 5 6 |  6.8
Invocations    | 8 |  8.2
Stealth        | |  1.7

Action                   |  1- 3 |  4- 6 |  7- 9 || total
-------------------------+-------+-------+-------++-------
Melee: Unarmed           |    12 |       |       ||    12
       Falchion          |    10 |     8 |       ||    18
       Tailslap          |     1 |     4 |     2 ||     7
       Punch             |       |     1 |       ||     1
       Long sword        |       |    11 |     5 ||    16
 Cast: Freeze            |     3 |       |       ||     3
       Frozen Ramparts   |       |     5 |     1 ||     6
       Ozocubu's Armour  |       |     2 |       ||     2
 Stab: Sleeping          |     1 |       |       ||     1
Armor: Robe              |    15 |     1 |       ||    16
       Ring mail         |       |     1 |     1 ||     2
Dodge: Dodged            |    24 |    12 |     1 ||    37

Table legend: (Time is in decaauts)
 A = Elapsed time spent in this place.
 B = Non-inter-level travel time spent in this place.
 C = Inter-level travel time spent in this place.
 D = Time resting spent in this place.
 E = Time spent auto-exploring this place.
 F = Levels seen in this place.
 G = Mean time per level.
                   A        B        C        D        E       F      G
               +--------+--------+--------+--------+--------+-----+--------+
         Total |    488 |    488 |      0 |    244 |      0 |   1 |  488.0 |
       Dungeon |    488 |    488 |      0 |    244 |      0 |   1 |  488.0 |
               +--------+--------+--------+--------+--------+-----+--------+

Top non-repeatable levels by time:
       D: 488 daAuts
